 Dungeon Crawl Stone Soup version 0.28-a0-1513-ge4f4046303 (webtiles) character file.

Game seed: 1590501083909872113

45448 Lekart the Agent of Entropy (level 14, -5/177 HPs)
             Began as a Grey Draconian Abyssal Knight on Jan 16, 2022.
             Was a Priest of Lugonu.
             Slain by a manticore (16 damage)
             ... on level 13 of the Dungeon.
             The game lasted 00:42:48 (23041 turns).

Lekart the Agent of Entropy (DrAK)                 Turns: 23041, Time: 00:42:48

Health: -5/177     AC: 31    Str: 19    XL:     14   Next: 1%
Magic:  16/21      EV:  2    Int: 11    God:    Lugonu [***...]
Gold:   1121       SH:  0    Dex: 17    Spells: 24/24 levels left

rFire   . . .      SeeInvis .   m - +1 double sword (elec)
rCold   . . .      Faith    +   (no shield)
rNeg    . . .      Spirit   .   (armour unavailable)
rPois   +          Reflect  .   (helmet currently unavailable)
rElec   .          Harm     .   (cloak currently unavailable)
rCorr   .          Rampage  .   (gloves currently unavailable)
Will    +....      NoTele   +   (boots currently unavailable)
Stlth   +++.......              x - amulet of faith
HPRegen 0.39/turn               i - +4 ring of slaying
MPRegen 0.17/turn               o - +4 ring of protection

@: tree-form
A: stationary, stasis, torment immunity, boosted hp, AC +13, (amphibious),
unfitting armour, (cold-blooded), (beak), (claws 1), agile 1, low mp 1, strong 1
a: Renounce Religion, Depart the Abyss, Bend Space, Banish


You were on level 13 of the Dungeon.
You worshipped Lugonu.
Lugonu was most pleased with you.
You were a tree.
You visited 3 branches of the dungeon, and saw 16 of its levels.
You visited the Abyss 1 time.
You also visited: Ossuary.

You collected 1188 gold pieces.
You spent 67 gold pieces at shops.

Inventory:

Hand Weapons
 c - a +2 vorpal hand crossbow
 h - a +2 vorpal trident
 m - a +1 double sword of electrocution (weapon)
 u - a +4 short sword of freezing
 w - a +5 scimitar
Missiles
 a - 5 curare-tipped darts
 b - 3 boomerangs (quivered)
 e - 28 poisoned darts
 s - 122 bolts
Armour
 n - a +2 cloak (melded)
 J - a +1 pair of boots (melded)
Jewellery
 i - a +4 ring of slaying (left branch)
 o - a +4 ring of protection (right branch)
 p - a +6 ring of strength
 t - a +6 ring of intelligence
 v - a ring of willpower
 x - an amulet of faith (around neck)
 F - a ring of fire
 I - a ring of ice
Scrolls
 d - 2 scrolls of silence
 j - 2 scrolls of fog
 l - 3 scrolls of blinking
 y - 7 scrolls of teleportation
 C - a scroll of noise
 E - a scroll of fear
 G - a scroll of amnesia
 L - 3 scrolls of enchant armour
Potions
 f - 6 potions of lignification
 g - 4 potions of attraction
 q - 3 potions of flight
 r - 2 potions of magic
 z - 3 potions of might
 A - a potion of invisibility
 B - 2 potions of curing
 D - a potion of brilliance
 H - 4 potions of heal wounds
 K - a potion of haste


   Skills:
 + Level 9.3 Fighting
 + Level 8.5 Long Blades
 + Level 9.2 Polearms
 + Level 5.4 Crossbows
 + Level 2.4 Throwing
 + Level 9.2 Dodging
 + Level 4.8 Stealth
 * Level 5.9 Spellcasting
 * Level 12.5 Invocations
 + Level 0.5 Evocations


You had 24 spell levels left.
You didn't know any spells.
Your spell library contained the following spells:

 Spells                   Type           Power      Damage    Failure   Level
 Magic Dart               Conj           12%        1d3       21%         1
 Call Imp                 Summ           3%         N/A       30%         2
 Ensorcelled Hibernation  Hex/Ice        6%         N/A       30%         2
 Passwall                 Tmut/Erth      2%         N/A       30%         2
 Dazzling Flash           Conj/Hex       6%         N/A       52%         3
 Frozen Ramparts          Ice            6%         1d2       52%         3
 Gell's Gravitas          Tloc           3%         N/A       52%         3
 Inner Flame              Hex/Fire       3%         N/A       52%         3
 Lesser Beckoning         Tloc           3%         N/A       52%         3
 Mephitic Cloud           Conj/Pois/Air  3%         N/A       52%         3
 Swiftness                Air            3%         N/A       52%         3
 Teleport Other           Tloc           3%         N/A       52%         3
 Ice Form                 Ice/Tmut       3%         N/A       89%         4
 Summon Ice Beast         Ice/Summ       3%         N/A       89%         4
 Agony                    Necr           3%         N/A       99%         5
 Blade Hands              Tmut           1%         N/A       99%         5
 Irradiate                Conj/Tmut      1%         3d14      99%         5
 Silence                  Hex/Air        1%         N/A       99%         5
 Dragon Form              Tmut           1%         N/A       100%        7
 Orb of Destruction       Conj           1%         9d5       100%        7
 Chain Lightning          Conj/Air       1%         3d2       100%        9


Dungeon Overview and Level Annotations

Branches:
Dungeon (13/15)            Temple (0/1) D:6            Lair (2/6) D:10
 Spider (0/4) Lair:2          Orc (1/2) D:11        Ossuary (visited)
  Swamp: Lair:2-4    Shoals: Lair:2-4    Vaults: D:13-14

Altars:
Ashenzari
Hepliaklqana
Okawaru
Qazlal
Sif Muna
Uskayaw

Shops:
D:1 !   D:10 *

Annotations:
D:7 exclusion: downstairs
D:8 corrupted
D:11 exclusion: downstairs
D:12 exclusion: downstairs
Abyss:1 Harold, Maurice, Prince Ribbit, Sonja


Innate Abilities, Weirdness & Mutations

You are a tree.
Your roots penetrate the ground, keeping you stationary.
You cannot be teleported.
You are immune to unholy pain and torment.
Your maximum health is greatly increased.
Your equipment is partially melded.
((Your dull iron-grey scales are very hard. (AC +13)))
((You are amphibious.))
You cannot fit into any form of body armour.
((You are cold-blooded and may be slowed by cold attacks.))
((You have a beak for a mouth.))
((You have sharp fingernails.))
You are agile. (Dex +2)
Your magical capacity is low. (-10% MP)
Your muscles are strong. (Str +2)


Message History

Lugonu accepts your kill.
You feel very sick.
The manticore bites you but does no damage.
The manticore claws you but does no damage. x2
The cyclops hits you but does no damage.
You feel much better.
You feel sick.
The manticore bites you but does no damage.
The manticore claws you but does no damage. x2
You hit the manticore.
The manticore is lightly wounded.
You feel sick.
The cyclops hits you but does no damage.
The manticore bites you but does no damage.
The manticore claws you but does no damage. x2
You slash the manticore!
You punch the manticore, but do no damage.
The manticore is moderately wounded.
You feel sick. The manticore bites you!
* * * LOW HITPOINT WARNING * * *
The manticore claws you but does no damage. x2
The cyclops hits you!!
* * * LOW HITPOINT WARNING * * *
You slice the cyclops!!
The cyclops is heavily wounded.
You feel sick. The manticore bites you.
* * * LOW HITPOINT WARNING * * *
The manticore claws you but does no damage. x2
Press: ? - help, Shift-Dir - straight line, f - cyclops
Aim: a cyclops, quivering large rocks (heavily wounded, chance to affect: 75%)
The cyclops is devoured by a tear in reality.
Lugonu claims a new guest.
You feel sick. The manticore bites you!
* * * LOW HITPOINT WARNING * * *
The manticore claws you.
* * * LOW HITPOINT WARNING * * *
The manticore claws you.
* * * LOW HITPOINT WARNING * * *
You have reached level 14!
You feel better. The manticore bites you!
You die...

#.........###
#.........#
#.........#
#####.#####
##..# #..##
####'######
#...§.....#
#..♣§§....#
#..†H§....#
#.........#
#....<....#
#.........#
#.........+
#...$.....#
#.........#


You could see a manticore.

Vanquished Creatures
  A boulder beetle (D:12)
  A two-headed ogre (D:12)
  2 ugly things (D:13)
  2 slime creatures (D:12)
  2 black mambas
  9 elephants (Lair:2)
  A cyclops (D:10)
  4 cane toads (Lair:2)
  4 komodo dragons
  An unseen horror (D:11)
  3 yaktaurs
  A rime drake (Lair:2)
  A burning bush (Lair:1)
  3 trolls
  5 blink frogs (Lair:1)
  3 shadows
  14 yaks
  2 wraiths
  A wyvern (Lair:1)
  3 vampire mosquitoes (D:12)
  Menkaure (D:5)
  2 acid dragons
  3 wargs (D:11)
  4 sky beasts
  3 orc warriors
  A necrophage (D:7)
  2 ogres
  13 centaurs
  7 bullfrogs
  4 kobold brigands
  4 elf zombies (Ossuary)
  A scorpion (D:6)
  A wyvern zombie (D:7)
  A water moccasin zombie (D:6)
  A killer bee (D:8)
  3 electric eels (D:10)
  7 wights
  A howler monkey (D:6)
  7 centaur zombies
  A centaur skeleton (D:6)
  A bullfrog skeleton (D:5)
  7 orc priests
  A jelly (D:7)
  3 iguanas
  13 orc wizards
  3 mummies
  A howler monkey zombie (D:9)
  8 gnolls
  7 adders
  2 shadow imps
  2 white imps
  An ufetubus (D:7)
  An adder skeleton (D:4)
  A worm (D:3)
  2 dart slugs
  46 orcs
  6 endoplasms
  15 giant cockroaches
  7 goblins
  6 hobgoblins
  5 jackals
  19 kobolds
  5 quokkas
  8 ball pythons
  4 bats
  A frilled lizard (D:2)
  2 goblin zombies (Ossuary)
  6 hobgoblin zombies (Ossuary)
  A jackal zombie (Ossuary)
  12 kobold zombies (Ossuary)
  9 orc zombies (Ossuary)
  2 rats (D:1)
  A rat zombie (Ossuary)
338 creatures vanquished.

Vanquished Creatures (others)
  A hydra (D:8)
  2 centaur warriors (D:8)
  2 ugly things (D:8)
  A cyclops (D:8)
  A manticore (D:8)
  A queen bee (shapeshifter) (D:8)
  A slime creature (D:8)
  A centaur (D:8)
  11 fungi (Lair:2)
  18 plants
39 creatures vanquished.

Grand Total: 377 creatures vanquished

Notes
Turn   | Place    | Note
-------+----------+-------------------------------------------
     0 | Abyss:1  | Lekart the Draconian Abyssal Knight began the quest for the
                  | Orb.
     0 | Abyss:1  | Reached XP level 1. HP: 19/19 MP: 2/2
   101 | Abyss:1  | Noticed a starcursed mass
   105 | D:1      | Escaped the Abyss
   199 | D:1      | Reached * piety under Lugonu
   344 | D:1      | Reached XP level 2. HP: 26/26 MP: 3/3
   911 | D:1      | Found Mymez's Distillery.
   914 | D:1      | Bought a potion of degeneration for 11 gold pieces
  1192 | D:1      | Reached XP level 3. HP: 31/31 MP: 4/4
  1395 | D:1      | Reached ** piety under Lugonu
  1501 | D:2      | Found a broken altar of Ashenzari.
  1906 | D:2      | Reached XP level 4. HP: 40/40 MP: 6/6
  2329 | D:3      | Reached skill level 3 in Invocations
  2778 | D:3      | Found an iron altar of Okawaru.
  2778 | D:3      | Found a hazy altar of Hepliaklqana.
  2778 | D:3      | Found a hide-covered altar of Uskayaw.
  2934 | D:3      | Reached XP level 5. HP: 46/46 MP: 7/7
  3028 | D:3      | Reached *** piety under Lugonu
  3029 | D:3      | Reached skill level 1 in Stealth
  3582 | D:4      | Found a shimmering blue altar of Sif Muna.
  3956 | D:5      | Entered Level 5 of the Dungeon
  3964 | D:5      | Noticed Menkaure
  3968 | D:5      | Reached skill level 1 in Polearms
  3968 | D:5      | Reached skill level 1 in Throwing
  3969 | D:5      | Killed Menkaure
  3970 | D:5      | Reached XP level 6. HP: 31/52 MP: 8/8
  4147 | D:5      | Reached skill level 4 in Invocations
  4609 | D:5      | Your scales start taking on a dull iron-grey colour.
  4609 | D:5      | Reached XP level 7. HP: 40/60 MP: 10/10
  5711 | D:6      | Reached XP level 8. HP: 64/66 MP: 11/11
  5723 | D:6      | Reached skill level 5 in Fighting
  5723 | D:6      | Reached skill level 5 in Polearms
  5733 | D:6      | Reached skill level 5 in Invocations
  6003 | D:6      | Found a staircase to the Ecumenical Temple.
  6609 | D:6      | Noticed a boulder beetle
  6931 | D:7      | Reached skill level 1 in Crossbows
  7214 | D:7      | Reached skill level 6 in Invocations
  7341 | D:7      | Reached XP level 9. HP: 75/75 MP: 13/13
  7385 | D:7      | Reached **** piety under Lugonu
  7948 | D:7      | Noticed a deep elf zephyrmancer
  7955 | D:7      | Banished a deep elf zephyrmancer
  8281 | D:8      | Found a sand-covered staircase.
  8290 | Ossuary  | Entered an ossuary
  8485 | Ossuary  | Reached ***** piety under Lugonu
  8640 | Ossuary  | Gained mutation: Your mind is acute. (Int +2) [potion of
                  | mutation]
  8640 | Ossuary  | Gained mutation: You have sharp fingernails. [potion of
                  | mutation]
  8640 | Ossuary  | Gained mutation: You sometimes lose the ability to read
                  | scrolls when taking damage. [potion of mutation]
  8670 | D:8      | Reached skill level 7 in Invocations
  8993 | D:8      | HP: 2/78 [gnoll sergeant/bolt of acid (31)]
  9289 | D:7      | HP: 3/78 [poisoned by a gnoll sergeant]
  9292 | D:7      | HP: 1/78 [poisoned by a gnoll sergeant]
 10110 | D:8      | Noticed a centaur warrior
 10185 | D:9      | Noticed Maurice
 10487 | D:9      | Banished Maurice
 10488 | D:9      | Reached XP level 10. HP: 53/84 MP: 10/15
 10625 | D:9      | Noticed Prince Ribbit
 10629 | D:9      | Banished Prince Ribbit
 11001 | D:9      | Reached skill level 8 in Invocations
 11217 | D:9      | Noticed Harold
 11220 | D:9      | Banished Harold
 11260 | D:9      | Found a stormy altar of Qazlal.
 11674 | D:9      | Noticed a two-headed ogre
 11678 | D:9      | Banished a two-headed ogre
 11679 | D:9      | Reached skill level 5 in Dodging
 11679 | D:9      | Reached skill level 1 in Spellcasting
 11679 | D:9      | Reached skill level 9 in Invocations
 12187 | D:8      | Noticed a cyclops
 12188 | D:8      | Noticed a five-headed hydra
 12190 | D:8      | Noticed a centaur warrior
 12191 | D:8      | Corrupted D:8
 12191 | D:8      | Noticed a large abomination
 12191 | D:8      | Noticed a tentacled starspawn
 12191 | D:8      | Noticed a guardian serpent
 12191 | D:8      | Noticed a thrashing horror
 12191 | D:8      | Noticed a spatial maelstrom
 12191 | D:8      | Noticed a starcursed mass
 12191 | D:8      | Noticed a large abomination
 12191 | D:8      | Noticed an Executioner
 12192 | D:8      | Noticed a thrashing horror
 12193 | D:8      | Noticed an orange demon
 12194 | D:8      | Noticed a thrashing horror
 12194 | D:8      | Noticed a thrashing horror
 12194 | D:8      | Noticed a manticore
 12195 | D:8      | Noticed a brown ugly thing
 12196 | D:8      | Noticed a brown ugly thing
 12196 | D:8      | Killed a centaur warrior
 12197 | D:8      | Killed a five-headed hydra
 12199 | D:8      | Noticed a starcursed mass
 12199 | D:8      | Killed a centaur warrior
 12199 | D:8      | Noticed a bone dragon
 12200 | D:8      | Killed a brown ugly thing
 12201 | D:8      | Noticed a sixfirhy
 12201 | D:8      | Noticed a starcursed mass
 12202 | D:8      | Killed a brown ugly thing
 12202 | D:8      | Killed a manticore
 12202 | D:8      | Noticed a starcursed mass
 12203 | D:8      | Noticed an ancient lich
 12204 | D:8      | Killed a cyclops
 12205 | D:8      | Noticed a smoke demon
 12210 | D:8      | Noticed a worldbinder
 12210 | D:8      | Noticed an orange demon
 12559 | D:10     | Entered Level 10 of the Dungeon
 12696 | D:10     | Noticed a two-headed ogre
 12704 | D:10     | Banished a two-headed ogre
 12874 | D:10     | Found a broken altar of Ashenzari.
 12881 | D:10     | Got the Grimoire of the Oath and Attacks
 12999 | D:10     | Noticed a two-headed ogre
 13002 | D:10     | Banished a two-headed ogre
 13003 | D:10     | Reached skill level 10 in Invocations
 13003 | D:10     | Reached XP level 11. HP: 92/92 MP: 13/18
 13061 | D:10     | Found a staircase to the Lair.
 13156 | D:10     | Found Kaykas's General Store.
 13161 | D:10     | Bought a potion of curing for 42 gold pieces
 13161 | D:10     | Bought a scroll of noise for 14 gold pieces
 14146 | Lair:1   | Entered Level 1 of the Lair of Beasts
 14146 | Lair:1   | Noticed a four-headed hydra
 14152 | Lair:1   | Noticed a five-headed hydra
 15542 | D:11     | Noticed a white ugly thing
 15550 | D:11     | Banished a white ugly thing
 15551 | D:11     | Reached skill level 5 in Long Blades
 16322 | D:11     | Found a staircase to the Orcish Mines.
 16708 | D:11     | Reached skill level 11 in Invocations
 17312 | D:12     | Noticed a two-headed ogre
 17699 | Orc:1    | Entered Level 1 of the Orcish Mines
 17699 | Orc:1    | Noticed an orc warlord
 19200 | Lair:1   | Reached XP level 12. HP: 92/102 MP: 20/20
 19629 | Lair:1   | You fall into a shaft and drop 1 floor!
 19988 | Lair:2   | Noticed a six-headed hydra
 20027 | Lair:2   | Found a hole to the Spider Nest.
 20307 | Lair:2   | Reached skill level 5 in Crossbows
 20307 | Lair:2   | Reached skill level 5 in Spellcasting
 20782 | Lair:2   | Noticed an eight-headed hydra
 20784 | Lair:2   | Banished an eight-headed hydra
 20785 | Lair:2   | Reached skill level 12 in Invocations
 21218 | Lair:2   | Noticed a five-headed hydra
 21221 | Lair:2   | Banished a five-headed hydra
 21668 | D:12     | Killed a two-headed ogre
 21874 | D:12     | Lost mutation: Your mind is acute. (Int +2) [potion of
                  | mutation]
 21874 | D:12     | Lost mutation: You sometimes lose the ability to read
                  | scrolls when taking damage. [potion of mutation]
 21874 | D:12     | Gained mutation: You have a beak for a mouth. [potion of
                  | mutation]
 21874 | D:12     | Gained mutation: You are agile. (Dex +2) [potion of
                  | mutation]
 21874 | D:12     | Gained mutation: Your magical capacity is low. (-10% MP)
                  | [potion of mutation]
 21874 | D:12     | Gained mutation: Your muscles are strong. (Str +2) [potion
                  | of mutation]
 22083 | D:12     | Noticed a boulder beetle
 22129 | D:12     | Reached XP level 13. HP: 108/111 MP: 20/20
 22791 | D:13     | Noticed Sonja
 22793 | D:13     | Banished Sonja
 23040 | D:13     | HP: 6/166 [manticore (6)]
 23040 | D:13     | HP: 1/166 [manticore (5)]
 23041 | D:13     | Reached XP level 14. HP: 1/118 MP: 16/21
 23041 | D:13     | Slain by a manticore

Illustrated notes

Levels and vault maps discovered:
D:1:      dpeg_arrival_tiny_a, layout_basic, serial_shops,
          nicolae_shop_behind_doors, serial_bayou_pond_e, chequers_arboretum
D:2:      layout_loops_ring, basic_altar
D:3:      minmay_roachtagon, layout_loops_ring, gammafunk_temple_overflow_claw
D:4:      layout_loops_ring, nicolae_sif_muna_little_library,
          due_unseen_surprise
D:5:      layout_basic, uniq_menkaure
D:6:      minmay_cornered_nines, layout_basic, minmay_temple_entry_hall,
          kennysheep_generic_room_9
D:7:      layout_rooms, serial_co_window_serial, co_window_corner_a,
          co_window_paths_a, co_window_paths_b, co_window_paths_b,
          co_window_paths_a, co_window_unsneaky_path_d,
          co_window_unsneaky_path_a, co_window_broadway_c, co_window_paths_c,
          co_window_broadway_a, co_window_corner_cb, co_window_corner_b,
          glass_columns_a, glass_columns_a, glass_columns_a, glass_columns_a,
          supply_closet_lemuel, guppyfry_early_elven_hall
D:8:      minmay_the_grid_triangle_9x9_rhombus_thin
          [minmay_the_grid_triangle_9x9_steps,
          minmay_the_grid_triangle_9x9_prize_insulated,
          minmay_the_grid_triangle_9x9_from_above,
          minmay_the_grid_triangle_9x9_odd_lines], layout_basic,
          gup_ossuary_entry_pyramid, grunt_decor_cap
D:9:      layout_stronghold, nicolae_qazlal_general_emergency, uniq_maurice,
          uniq_harold, uniq_prince_ribbit1
D:10:     layout_stronghold, evilmike_ruin_ashenzari, lair_entry_dummy,
          serial_shops, shop, serial_bayou_lagoon_a, kennysheep_generic_room_15
D:11:     layout_long_grid, david_orc_1_choice, serial_glass, glass_columns_a,
          glass_columns_a
D:12:     nicolae_BIG_FREAKIN_CUBE, layout_cave_pools, kennysheep_minor_cross
D:13:     layout_roguey, uniq_sonja
Lair:1:   layout_misc_corridors, small_statue_intersection, evilmike_ambush
          [evilmike_ambush_outer_corners, evilmike_ambush_inner_pond]
Lair:2:   layout_gridlike, spider_nest_entry_web_field
Orc:1:    layout_caves, portal_ice_cave_entry_imps

Skill      XL: |  1  2  3  4  5  6  7  8  9 10 11 12 |
---------------+-------------------------------------+-----
Long Blades    | 3 6 8 |  8.5
Invocations    | 3 4 6 7 10 11 12 | 12.5
Stealth        | 1 2 3 4 |  4.8
Fighting       | 4 5 6 7 8 9 |  9.3
Polearms       | 1 3 4 6 8 9 |  9.2
Throwing       | 1 2 |  2.4
Dodging        | 3 4 5 9 |  9.2
Crossbows      | 2 3 4 5 |  5.4
Spellcasting   | 2 4 5 |  5.9
Evocations     | |  0.5

Action                   |  1- 3 |  4- 6 |  7- 9 | 10-12 | 13-15 || total
-------------------------+-------+-------+-------+-------+-------++-------
Melee: Falchion          |   126 |    42 |       |       |       ||   168
       Tailslap          |     8 |    18 |    38 |    81 |     7 ||   152
       Punch             |     1 |     1 |     2 |     5 |     1 ||    10
       Trident           |       |    77 |   313 |    79 |       ||   469
       Short sword       |       |       |     1 |       |       ||     1
       Double sword      |       |       |       |   295 |    43 ||   338
       Peck              |       |       |       |     1 |    10 ||    11
 Fire: Hand crossbow     |       |       |    53 |   121 |       ||   174
Throw: Boomerang         |    10 |    20 |       |    43 |       ||    73
Invok: Depart the Abyss  |     1 |       |       |       |       ||     1
       Banish            |       |       |     3 |    27 |     2 ||    32
       Bend Space        |       |       |       |     4 |       ||     4
       Corrupt           |       |       |       |     1 |       ||     1
Evoke: Wand              |       |       |     6 |       |       ||     6
  Use: Scroll            |     2 |     7 |     9 |     5 |       ||    23
       Potion            |       |       |     8 |     6 |     3 ||    17
 Stab: Sleeping          |     1 |       |     5 |     7 |     1 ||    14
       Distracted        |       |     1 |       |       |       ||     1
Armor: Skin              |    38 |    26 |   112 |   366 |    57 ||   599
Dodge: Dodged            |    93 |    62 |   178 |   488 |    55 ||   876

Table legend: (Time is in decaauts)
 A = Elapsed time spent in this place.
 B = Non-inter-level travel time spent in this place.
 C = Inter-level travel time spent in this place.
 D = Time resting spent in this place.
 E = Time spent auto-exploring this place.
 F = Levels seen in this place.
 G = Mean time per level.
                   A        B        C        D        E       F      G
               +--------+--------+--------+--------+--------+-----+--------+
         Total |  23240 |  22070 |   1170 |   6922 |  11295 |  18 | 1291.1 |
       Dungeon |  20261 |  19209 |   1052 |   6197 |   9906 |  13 | 1558.5 |
          Lair |   2507 |   2389 |    118 |    725 |   1102 |   2 | 1253.5 |
  Orcish Mines |      2 |      2 |      0 |      0 |      0 |   1 |    2.0 |
         Abyss |    105 |    105 |      0 |      0 |    100 |   1 |  105.0 |
       Ossuary |    364 |    364 |      0 |      0 |    187 |   1 |  364.0 |
               +--------+--------+--------+--------+--------+-----+--------+

Top non-repeatable levels by time:
    D:11: 3902 daAuts
     D:7: 2234 daAuts
    D:10: 2153 daAuts
     D:6: 1694 daAuts
     D:9: 1688 daAuts
    D:12: 1498 daAuts
  Lair:2: 1493 daAuts
     D:8: 1454 daAuts
     D:5: 1430 daAuts
     D:1: 1381 daAuts
  Lair:1: 1014 daAuts
     D:3: 1014 daAuts
     D:4: 782 daAuts
     D:2: 726 daAuts
 Ossuary: 364 daAuts
